Map: Abyssal Reef LE

Players

SamuraiFunn - Winner!

  • Race: Terran Terran
  • Spawn Location: 11:00

A.I. 1 (Very Easy)

  • Race: Terran Terran
  • Spawn Location: 5:00

VOD

Have the link to the VOD?

Description

Time

  • Played on: Oct. 29, 2017, 10:43 p.m.
  • Length: 12:13
Show
View Real Time Build Order
Export as new Build Order

SamuraiFunn Terran - Winner!

Build Orders:  

Get SALT Encoding   

  12  0:01  SCV  
  13  0:14  SCV  
  14  0:26  SCV  
  15  0:34  Supply Depot  
  15  0:56  SCV  
  16  0:59  Barracks  
  16  1:10  SCV, Refinery  
  17  1:22  SCV  
  18  1:28  Barracks  
  18  1:34  SCV  
  19  1:46  SCV  
  20  1:55  Refinery  
  20  1:58  SCV  
  21  2:12  Marine, Command Center  
  23  2:22  SCV  
  23  2:42  Supply Depot  
  23  3:03  SCV, Marine x2  
  26  3:07  Supply Depot  
  26  3:15  SCV  
  27  3:21  Marine x2, Engineering Bay  
  29  3:28  SCV  
  29  3:31  SCV  
  31  3:49  SCV x2  
  31  3:53  Terran Infantry Weapons Level 1  
  33  4:12  SCV x2  
  35  4:34  Marine x2  
  37  4:41  SCV x2  
  39  4:56  Refinery  
  40  5:00  SCV x2  
  41  5:20  Refinery  
  41  5:25  Marine x2  
  43  5:36  SCV x2  
  45  5:43  Marine x2  
  45  5:47  Barracks  
  45  5:48  Terran Infantry Armor Level 1  
  47  5:53  Barracks  
  47  6:01  Marine x2  
  49  6:17  SCV x2  
  51  6:19  Marine x2  
  51  6:21  Supply Depot  
  53  6:32  Factory  
  53  6:40  Marine  
  53  6:43  Marine x3  
  57  6:47  Supply Depot  
  57  6:58  Marine  
  57  7:00  Marine x3  
  61  7:05  SCV  
  62  7:08  SCV  
  62  7:11  Supply Depot  
  63  7:34  Supply Depot  
  63  7:43  Building Armor  
  63  7:47  Marine x2  
  63  7:48  Marine x2  
  67  7:53  Factory  
  67  7:57  Factory Tech Lab  
  67  7:59  Supply Depot  
  67  8:06  Factory  
  67  8:19  SCV  
  69  8:20  SCV  
  69  8:22  Supply Depot  
  69  8:27  Supply Depot  
  69  8:33  Siege Tank  
  72  8:49  Supply Depot  
  72  9:01  Factory Tech Lab  
  72  9:02  Factory Tech Lab  
  72  9:05  Siege Tank  
  75  9:12  Supply Depot  
  75  9:13  Supply Depot  
  75  9:17  Marine x4  
  79  9:31  Siege Tank  
  82  9:32  Siege Tank  
  82  9:34  Marine  
  82  9:35  Marine x3  
  82  9:37  Siege Tank  
  92  9:52  Marine x3  
  92  9:53  Marine  
  96  10:03  Siege Tank  
  96  10:04  Siege Tank  
  102  10:09  Siege Tank  
  102  10:10  Marine x3  
  102  10:11  Marine  
  109  10:28  Marine x3  
  110  10:29  Marine  
  110  10:35  Siege Tank  
  116  10:36  Siege Tank  
  116  10:41  Siege Tank  
  122  10:46  Marine x4  
  126  11:03  Marine  
  126  11:04  Marine x3  
  127  11:07  Siege Tank  
  132  11:21  Marine x2  
Show
View Real Time Build Order
Export as new Build Order

A.I. 1 (Very Easy) Terran 

Build Orders:  

Get SALT Encoding   

  12  0:00  SCV  
  13  0:13  SCV  
  14  0:19  Supply Depot  
  14  0:36  Refinery  
  14  0:41  Barracks  
  14  1:06  Supply Depot  
  14  1:13  Refinery  
  14  1:27  Marine  
  14  1:28  Orbital Command  
  16  1:54  SCV  
  16  2:01  Marine  
  16  2:06  SCV  
  18  2:18  SCV  
  19  2:30  SCV  
  19  2:35  Marine  
  21  2:42  SCV  
  22  2:54  SCV  
  23  5:51  SCV  
  23  5:52  Marine  
  23  5:53  Supply Depot  
  23  5:56  Factory  
  25  5:59  Command Center  
  25  6:15  SCV  
  26  6:18  Supply Depot  
  26  6:24  Barracks Tech Lab  
  26  6:27  SCV  
  24  6:39  SCV  
  25  6:42  Starport, Marine  
  26  6:52  SCV  
  27  7:12  SCV  
  27  7:14  Marine  
  29  7:19  SCV  
  29  7:22  Starport Tech Lab, Refinery  
  30  7:23  Refinery  
  30  7:27  SCV  
  31  7:34  SCV  
  32  7:41  SCV  
  32  7:42  Raven  
  35  7:47  Marauder  
  35  7:48  SCV  
  38  7:55  SCV  
  39  8:02  SCV  
  40  8:10  SCV  
  41  8:17  SCV  
  41  8:18  Marine  
  43  8:24  SCV  
  43  8:25  Raven  
  46  8:31  SCV  
  47  8:38  SCV  
  48  8:45  SCV  
  49  8:52  SCV  
  50  10:18  SCV  
  50  10:58  Reaper  
  50  10:59  Medivac, Supply Depot  
  50  11:00  SCV  
  40  11:17  SCV  
  20  11:29  SCV  
  20  11:30  Marine  
  23  11:41  SCV  
  13  11:57  Supply Depot  
Tags
 
Matchup
TvT
Race
Terran
Replay Pack
First 100 games
Spawn Locations
Cross Positions
Add a new tag
Caveats
  • Supply blocks, unpowered buildings, or Contaminate may cause inaccurate times.
  • Supply counts are checked every 10 seconds.